 Dungeon Crawl Stone Soup version 0.23-a0-303-gfcac5de (console) character file.

135 nht the Bolt Thrower (level 4, -5/40 HPs)
             Began as a Minotaur Hunter on Oct 8, 2018.
             Slain by an ice beast (11 damage)
             ... on level 4 of the Dungeon.
             The game lasted 00:01:48 (1742 turns).

nht the Bolt Thrower (Minotaur Hunter)              Turns: 1742, Time: 00:01:49

Health: -5/40      AC:  6    Str: 17    XL:     4   Next: 97%
Magic:  3/3        EV: 10    Int:  8    God:
Gold:   163        SH:  0    Dex: 11    Spells: 3/3 levels left

rFire    . . .     SeeInvis .   a - +1 hand crossbow
rCold    . . .     Gourm    .   (no shield)
rNeg     . . .     Faith    .   p - +0 scale mail
rPois    .         Spirit   .   (helmet restricted)
rElec    .         Reflect  .   (no cloak)
rCorr    +         Harm     .   (no gloves)
MR       .....                  (no boots)
Stlth    ..........             (no amulet)
HPRegen  0.13/turn              n - ring of resist corrosion
MPRegen  0.08/turn              t - ring of attention (curse)

@: no status effects
A: retaliatory headbutt, horns 2
a: no special abilities


You were on level 4 of the Dungeon.
You were not hungry.

You visited 1 branch of the dungeon, and saw 4 of its levels.

You collected 163 gold pieces.

Inventory:

Hand Weapons
 a - a +1 hand crossbow (weapon)
 b - a +0 short sword
 u - a +2 trident of pain
Missiles
 d - 3 bolts (quivered)
Armour
 p - a +0 scale mail (worn)
Jewellery
 n - a ring of resist corrosion (left hand)
 t - a cursed ring of attention (right hand)
Wands
 o - a wand of acid (8)
 r - a wand of polymorph (13)
Scrolls
 e - 3 scrolls of fog {unknown}
 j - 4 scrolls of remove curse {unknown}
 k - a scroll of teleportation {unknown}
 l - a scroll of amnesia {unknown}
 m - 5 scrolls of identify {unknown}
 q - a scroll of immolation {unknown}
 s - a scroll of enchant armour {unknown}
Potions
 c - a potion of resistance {unknown}
 h - a potion of lignification {unknown}
 i - a potion of invisibility {unknown}
Comestibles
 f - 7 rations
 g - 2 chunks of flesh


   Skills:
 + Level 3.7 Fighting
 * Level 5.8 Crossbows
 + Level 2.5 Armour
 - Level 2.1 Dodging
 - Level 0.7 Stealth


You had 3 spell levels left.
You didn't know any spells.
Your spell library was empty.

Dungeon Overview and Level Annotations

Branches:
Dungeon (4/15)
 Temple: D:4-7

Altars:
Dithmenos
The Shining One


Innate Abilities, Weirdness & Mutations

You reflexively headbutt those who attack you in melee.
You have a pair of horns on your head.


Message History

The ice beast hits you. The ice beast freezes you.
Firing (i - inventory)
d - 6 bolts (quivered)
Press: ? - help, Shift-Dir - straight line, f/p - ice beast
Aim: an ice beast (heavily wounded)
You shoot a bolt. The bolt closely misses the ice beast.
The ice beast hits you. The ice beast freezes you!
Firing (i - inventory)
d - 5 bolts (quivered)
Press: ? - help, Shift-Dir - straight line, f/p - ice beast
Aim: an ice beast (heavily wounded)
You shoot a bolt. The bolt closely misses the ice beast.
The ice beast hits you. The ice beast freezes you!
* * * LOW HITPOINT WARNING * * *
The ice beast barely misses you.
Firing (i - inventory)
d - 4 bolts (quivered)
Press: ? - help, Shift-Dir - straight line, f/p - ice beast
Aim: an ice beast (heavily wounded)
You shoot a bolt. The bolt barely misses the ice beast.
The ice beast hits you.
* * * LOW HITPOINT WARNING * * *
The ice beast freezes you!
You die...

.. ███ ...
...
█.████.███
█........
████...█.█
█........█
█..<..███
██.█....█
█.█[██@█
█.█.██Y█
..█.██(█
.....█(█
████.....
......
█.....
.███.


You could see an ice beast.

Vanquished Creatures
  A worker ant (D:3)
  5 adders
  An ooze (D:2)
  3 dart slugs
  4 leopard geckos
  5 giant cockroaches
  6 goblins
  8 hobgoblins
  4 jackals
  3 kobolds (D:1)
  A ball python (D:1)
  2 bats
  5 frilled lizards
  5 rats
53 creatures vanquished.

Notes
Turn   | Place    | Note
-------+----------+-------------------------------------------
     0 | D:1      | nht the Minotaur Hunter began the quest for the Orb.
     0 | D:1      | Reached XP level 1. HP: 18/18 MP: 0/0
   134 | D:1      | Reached XP level 2. HP: 25/25 MP: 1/1
   139 | D:1      | Reached skill level 1 in Armour
   396 | D:1      | Reached skill level 5 in Crossbows
   425 | D:1      | Reached XP level 3. HP: 31/31 MP: 2/2
   550 | D:2      | Found a shadowy altar of Dithmenos.
  1004 | D:2      | Reached XP level 4. HP: 38/38 MP: 3/3
  1461 | D:3      | Found a glowing golden altar of the Shining One.
  1736 | D:4      | Noticed an ice beast
  1742 | D:4      | Slain by an ice beast

Vault maps used:
D:1:      giann_wishing_wells
D:2:      grunt_dithmenos_smoke_and_mirrors
D:3:      tso_metal_star
D:4:      first_ration

Skill      XL: |  1  2  3  4 |
---------------+-------------+-----
Armour         | 1 2 |  2.5
Fighting       | 3 |  3.7
Crossbows      | 5 |  5.8
Dodging        | |  2.1
Stealth        | |  0.7

Action                   |  1- 3 |  4- 6 || total
-------------------------+-------+-------++-------
 Fire: Hand crossbow     |    83 |    34 ||   117
  Eat: Chunk             |       |     2 ||     2
Armor: Leather armour    |     9 |       ||     9
       Scale mail        |       |     3 ||     3
Dodge: Dodged            |    10 |     6 ||    16

Table legend:
 A = Non-vault XP
 B = Vault XP
 C = Vault XP percentage of total XP
 D = Non-vault monster count
 E = Vault monster count
 F = Vault count percentage of total count
                 A         B        C        D         E       F
            +---------+---------+-------+---------+---------+-------
      Total |     194 |       0 |   0.0 |      53 |       0 |   0.0
            +---------+---------+-------+---------+---------+-------
        D:1 |      49 |       0 |   0.0 |      26 |       0 |   0.0
        D:2 |      49 |       0 |   0.0 |      16 |       0 |   0.0
        D:3 |      96 |       0 |   0.0 |      11 |       0 |   0.0
            +---------+---------+-------+---------+---------+-------
